Map: Dreamcatcher LE

Players

Lambo

  • Race: Zerg Zerg
  • Spawn Location: 11:00

Namshar - Winner!

  • Race: Zerg Zerg
  • Spawn Location: 5:00

Event: WCS Austin 2018

VOD

Have the link to the VOD?

Description

Time

  • Played on: June 1, 2018, 5:58 p.m.
  • Length: 5:01

All games in this series

Show
View Real Time Build Order
Export as new Build Order

Lambo Zerg 

Build Orders: Pool First 

Get SALT Encoding   

  12  0:17  Spawning Pool  
  11  0:21  Drone  
  11  0:26  Drone  
  13  0:31  Drone  
  14  0:40  Overlord  
  14  1:03  Zergling x4  
  16  1:05  Zergling x2  
  17  1:15  Zergling x2  
  18  1:19  Hatchery  
  17  1:26  Zergling x2  
  18  1:34  Queen  
  18  1:37  Zergling x2  
  21  1:41  Extractor  
  20  1:49  Overlord  
  20  1:59  Drone  
  21  2:10  Drone  
  21  2:11  Queen  
  21  2:25  Zergling x2  
  21  2:32  Zergling x2  
  21  2:35  Queen  
  24  2:40  Zergling x2  
  25  2:51  Drone x2  
  25  2:58  Metabolic Boost  
  27  3:18  Zergling x10  
  32  3:23  Evolution Chamber  
  31  3:27  Overlord  
  31  3:39  Zergling x6  
  31  3:50  Roach Warren  
  31  3:53  Zergling x2  
  27  3:58  Zergling x2  
  27  4:01  Zergling x6  
  32  4:05  Zergling x2  
  33  4:10  Zergling x2  
  33  4:13  Zergling x2  
  33  4:16  Zergling x2  
  36  4:21  Zergling x4  
  38  4:25  Zergling x2  
  39  4:32  Zergling x4  
  41  4:39  Zergling x4  
  41  4:42  Zergling x2  
Show
View Real Time Build Order
Export as new Build Order

Namshar Zerg - Winner!

Build Orders: Hatch First 

Get SALT Encoding   

  12  0:00  Drone  
  13  0:12  Overlord  
  13  0:17  Drone  
  14  0:30  Drone x2  
  14  0:34  Drone  
  17  0:50  Hatchery  
  17  0:54  Drone  
  17  0:57  Drone  
  18  1:07  Extractor  
  17  1:11  Spawning Pool  
  17  1:14  Drone  
  18  1:18  Drone  
  18  1:28  Drone  
  19  1:58  Zergling x4  
  19  2:00  Zergling x2  
  22  2:01  Queen  
  22  2:02  Queen  
  22  2:03  Zergling x2  
  22  2:07  Metabolic Boost  
  27  2:10  Zergling x2  
  23  2:23  Drone x2  
  23  2:27  Drone  
  26  2:32  Overlord  
  26  2:36  Drone  
  27  2:46  Drone  
  28  2:58  Zergling x2  
  28  2:59  Zergling x4  
  31  3:07  Overlord  
  31  3:11  Zergling x6  
  31  3:12  Zergling x2  
  35  3:18  Overlord  
  35  3:20  Drone  
  35  3:27  Drone x2  
  35  3:31  Drone x2  
  36  3:42  Drone x5  
  36  3:45  Drone  
  41  3:49  Drone x2  
  41  3:53  Zergling x2  
  43  4:00  Zergling x2  
  44  4:08  Zergling x4  
  44  4:09  Baneling Nest  
  45  4:16  Hatchery  
  44  4:22  Drone  
  44  4:23  Zergling x4  
  47  4:30  Evolution Chamber  
  47  4:31  Evolution Chamber, Zergling x6  
  47  4:36  Zergling x2  
  47  4:37  Zergling x4  
Tags
 
Add a new tag
Caveats
  • Supply blocks, unpowered buildings, or Contaminate may cause inaccurate times.
  • Supply counts are checked every 10 seconds.